 Dungeon Crawl Stone Soup version 0.20-a0-1073-g49e0d3e (webtiles) character file.

6055 MirrMurr the Spear-Bearer (level 10, 0/80 HPs)
             Began as a Gnoll Skald on Apr 29, 2017.
             Was an Elder of Okawaru.
             Slain by a large slime creature (2 damage)
             ... on level 9 of the Dungeon.
             The game lasted 00:35:34 (9850 turns).

MirrMurr the Spear-Bearer (Gnoll Skald)             Turns: 9850, Time: 00:35:35

Health: 0/80       AC: 16    Str: 10    XL:     10   Next: 87%
Magic:  13/14      EV: 14    Int: 20    God:    Okawaru [****..]
Gold:   364        SH:  5    Dex: 14    Spells: 7/15 levels left

rFire    + + .     SeeInvis .   a - +0 trident
rCold    . . .     Gourm    .   J - +0 buckler {rF+}
rNeg     . . .     Faith    .   p - +1 ring mail {rF+}
rPois    .         Spirit   .   y - +1 helmet {Int+3}
rElec    .         Reflect  .   k - +0 cloak
rCorr    .         Harm     .   u - +0 pair of gloves
MR       .....                  C - +2 pair of boots
Stlth    +++.......             (no amulet)
Regen    0.3/turn               D - ring of flight
MPRegen  0.2/turn               (no ring)

@: no status effects
A: short attention span, fangs 1, strong nose
a: Heroism, Renounce Religion, Evoke Flight


You were on level 9 of the Dungeon.
You worshipped Okawaru.
Okawaru was greatly pleased with you.
You were hungry.

You visited 2 branches of the dungeon, and saw 10 of its levels.

You collected 528 gold pieces.
You spent 164 gold pieces at shops.

Inventory:

Hand Weapons
 a - a +0 trident (weapon)
 b - a +0 hand crossbow of velocity
 w - a +0 blowgun
Missiles
 n - 7 javelins (quivered)
 t - 3 throwing nets
 v - 97 bolts
 B - 25 poisoned needles
Armour
 k - a +0 cloak (worn)
 p - a +1 ring mail of fire resistance (worn)
 u - a +0 pair of gloves (worn)
 y - a +1 helmet of intelligence (worn)
 C - a +2 pair of boots (worn)
 G - a +2 helmet
 J - a +0 buckler of fire resistance (worn)
Magical Staves
 r - an uncursed staff of conjuration {unknown}
Jewellery
 D - a ring of flight (left hand)
Scrolls
 e - a scroll of immolation
 f - 6 scrolls of teleportation
 i - 4 scrolls of identify
 o - 3 scrolls of recharging
 x - a scroll of fog {unknown}
 K - 5 scrolls of magic mapping
Potions
 g - a potion of brilliance
 h - 5 potions of curing
 j - 2 potions of might
 l - a potion of flight
 s - a potion of agility
 z - a potion of invisibility
 E - a potion of magic {unknown}
 H - a potion of mutation
Books
 c - a book of Battle

   Spells                             Type                      Level
   a - Infusion                       Charms                       1
   b - Shroud of Golubria             Charms/Translocation         2
   c - Song of Slaying                Charms                       2
   d - Spectral Weapon                Hexes/Charms                 3
   e - Regeneration                   Charms/Necromancy            3
 A - a book of Flames

   Spells                             Type                      Level
   a - Flame Tongue                   Conjuration/Fire             1
   b - Throw Flame                    Conjuration/Fire             2
   c - Conjure Flame                  Conjuration/Fire             3
   d - Inner Flame                    Hexes/Fire                   3
   e - Sticky Flame                   Conjuration/Fire             4
   f - Fireball                       Conjuration/Fire             5
Comestibles
 d - 9 bread rations
 m - 2 royal jellies
 q - 4 fruits
 F - 7 meat rations
 I - 2 chunks of flesh


   Skills:
 + Level 8.0 Fighting
 + Level 9.2 Polearms
   Level 1.9 Slings
 + Level 0.4 Crossbows
 - Level 8.3 Armour
 - Level 7.1 Dodging
 + Level 7.4 Stealth
 - Level 6.4 Shields
 - Level 3.2 Spellcasting
 - Level 8.0 Hexes
 - Level 7.3 Charms
 * Level 3.1 Necromancy


You had 7 spell levels left.
You knew the following spells:

 Your Spells              Type           Power        Failure   Level  Hunger
a - Spectral Weapon       Hex/Chrm       ####....     3%          3    ###....
b - Song of Slaying       Chrm           ####....     2%          2    ##.....
r - Regeneration          Chrm/Necr      ###.......   11%         3    ###....


Dungeon Overview and Level Annotations

Branches:
Dungeon (9/15)             Temple (1/1) D:4            Lair (0/6) D:8
    Orc: D:9-12

Altars:
Cheibriados
Dithmenos
Elyvilon
Fedhas
Gozag
Hepliaklqana
Makhleb
Nemelex Xobeh
Okawaru
Qazlal
Ru
Sif Muna
Trog
Uskayaw
Vehumet
Wu Jian
Xom
Zin
The Shining One

Shops:
D:9 *


Innate Abilities, Weirdness & Mutations

You have a short attention span.
You have very sharp teeth.
Your uncanny sense of smell can sniff out nearby items.


Message History

Your spectral weapon barely misses the large slime creature.
The large slime creature barely misses you.
You barely miss the large slime creature.
You bite the large slime creature, but do no damage.
The large slime creature is severely wounded.
Your spectral weapon hits the large slime creature from afar.
You puncture the large slime creature!
The large slime creature is severely wounded.
Your spectral weapon hits the large slime creature from afar!
The large slime creature hits you!
You hit the large slime creature.
The large slime creature is severely wounded.
Your spectral weapon hits the large slime creature from afar.
The large slime creature hits you!!
* * * LOW HITPOINT WARNING * * *
You hit the large slime creature but do no damage.
The large slime creature is almost dead.
Your spectral weapon hits the large slime creature from afar!
The large slime creature hits you.
You die...

#.................)....÷..∩......
#.#####.########.#######...######
#.# #.# #.# #..## #.# #.# #.#
#..# #.# #.# #.# #..# #.# #.# #.#
#..# #.# #.# #.# #..# #.# #.# #(#
#..# #.# #@# #..# #.# #J# #..#
#.# #Y# #..# #)# #n# #[.# #.#
#J#######..####### #.#
#................. #.#
#...J............. #.#
#................. #.#
#.................


You could see a large slime creature, a slime creature, a sky beast, a
necrophage and a friendly spectral trident.

Vanquished Creatures
  Erica (D:8)
  A kobold demonologist (D:8)
  A komodo dragon (D:8)
  Grinder (D:2)
  A hornet (D:8)
  2 hungry ghosts (D:7)
  4 sky beasts
  2 ice beasts
  An orc warrior (D:8)
  A necrophage (D:6)
  5 ogres
  A phantom (D:5)
  4 centaurs
  A crocodile (D:7)
  14 big kobolds
  5 bullfrogs
  A scorpion (D:7)
  A killer bee (D:9)
  6 howler monkeys
  4 crimson imps
  A bullfrog zombie (D:7)
  5 hounds
  A jelly (D:6)
  A quasit (D:8)
  An orc priest (D:4)
  A bullfrog skeleton (D:7)
  A centaur skeleton (D:5)
  Jessica (D:2)
  An iguana (D:7)
  8 worker ants
  Robin (D:2)
  3 worker ant zombies
  7 gnolls
  10 adders
  A shadow imp (D:7)
  6 worms
  4 leopard geckos
  15 orcs
  A giant cockroach (D:2)
  12 goblins
  18 hobgoblins
  18 jackals
  27 kobolds
  3 quokkas
  5 bats
  A frilled lizard (D:1)
  A jackal zombie (D:6)
  A leopard gecko skeleton (D:4)
  6 rats
218 creatures vanquished.

Vanquished Creatures (others)
  2 plants (D:8)
  9 spectral weapons (D:8)
11 creatures vanquished.

Grand Total: 229 creatures vanquished

Notes
Turn   | Place    | Note
-------+----------+-------------------------------------------
     0 | D:1      | MirrMurr the Gnoll Skald began the quest for the Orb.
     0 | D:1      | Reached XP level 1. HP: 18/18 MP: 4/4
   533 | D:1      | Reached XP level 2. HP: 24/24 MP: 6/6
   697 | D:1      | Learned a level 2 spell: Song of Slaying
   795 | D:1      | Reached skill level 1 in Stealth
   964 | D:2      | Found a shadowy altar of Dithmenos.
  1099 | D:2      | Reached skill level 4 in Polearms
  1141 | D:2      | Reached XP level 3. HP: 29/29 MP: 4/7
  1164 | D:2      | Learned a level 3 spell: Spectral Weapon
  1292 | D:2      | Found a shimmering altar of Xom.
  1296 | D:2      | Found a deep blue altar of Sif Muna.
  1296 | D:2      | Found a hide-covered altar of Uskayaw.
  1298 | D:2      | Found a deep blue altar of Sif Muna.
  1298 | D:2      | Found a snail-covered altar of Cheibriados.
  1298 | D:2      | Found a radiant altar of Vehumet.
  1666 | D:2      | Reached XP level 4. HP: 27/37 MP: 1/8
  1862 | D:2      | Noticed Jessica
  1865 | D:2      | Killed Jessica
  1865 | D:2      | Reached skill level 5 in Polearms
  1881 | D:2      | Noticed Robin
  1906 | D:2      | Killed Robin
  2303 | D:2      | Reached XP level 5. HP: 13/42 MP: 1/9
  2539 | D:3      | Noticed Grinder
  2540 | D:3      | Paralysed by Grinder for 5 turns
  2656 | D:2      | Killed Grinder
  2656 | D:2      | Reached skill level 6 in Polearms
  2656 | D:2      | Reached XP level 6. HP: 23/50 MP: 1/10
  3028 | D:3      | Found a snail-covered altar of Cheibriados.
  3236 | D:3      | Reached skill level 5 in Dodging
  3471 | D:3      | Reached skill level 7 in Polearms
  3565 | D:4      | Reached skill level 5 in Fighting
  3700 | D:4      | Found a staircase to the Ecumenical Temple.
  3706 | Temple   | Entered the Ecumenical Temple
  3807 | Temple   | Became a worshipper of Warmaster Okawaru
  3924 | D:4      | Reached XP level 7. HP: 47/56 MP: 2/11
  4463 | D:5      | Entered Level 5 of the Dungeon
  4463 | D:5      | Found an opulent altar of Gozag.
  4463 | D:5      | Found an ornate altar of the Wu Jian Council.
  4463 | D:5      | Found a bloodstained altar of Trog.
  4659 | D:5      | Reached skill level 5 in Stealth
  4697 | D:5      | Reached * piety under Okawaru
  4697 | D:5      | Reached XP level 8. HP: 14/64 MP: 1/12
  5039 | D:5      | Found an ornate altar of the Wu Jian Council.
  5052 | D:5      | Reached skill level 8 in Polearms
  5412 | D:5      | Learned a level 3 spell: Regeneration
  5457 | D:6      | Reached skill level 5 in Armour
  5666 | D:6      | Reached ** piety under Okawaru
  5796 | D:6      | Reached skill level 1 in Hexes
  5915 | D:6      | Reached XP level 9. HP: 65/72 MP: 8/13
  6756 | D:7      | Reached skill level 1 in Shields
  6756 | D:7      | Reached skill level 5 in Hexes
  6992 | D:8      | Noticed a hornet
  7153 | D:8      | Reached *** piety under Okawaru
  7163 | D:8      | Noticed a kobold demonologist
  7169 | D:8      | Killed a kobold demonologist
  7171 | D:8      | Reached skill level 9 in Polearms
  7171 | D:8      | Reached XP level 10. HP: 52/80 MP: 4/14
  7387 | D:8      | Reached skill level 5 in Shields
  7391 | D:8      | Reached skill level 5 in Charms
  7538 | D:8      | Reached **** piety under Okawaru
  8302 | D:8      | Noticed Erica
  8316 | D:8      | Killed Erica
  8464 | D:8      | Reached skill level 1 in Necromancy
  8480 | D:8      | Found a staircase to the Lair.
  8563 | D:8      | Reached skill level 1 in Slings
  8798 | D:9      | Found Obeff's General Store.
  8806 | D:9      | Bought a +0 buckler of fire resistance for 126 gold pieces
  8806 | D:9      | Bought a scroll of magic mapping for 38 gold pieces
  9849 | D:9      | HP: 2/80 [large slime creature (32)]
  9850 | D:9      | Slain by a large slime creature

Vault maps used:
D:1:      dpeg_arrival_connections, minmay_misc_feat_columns
D:2:      doesnt_xom_only_xom, first_bread, nrook_mini_backslash,
          minmay_splitting_lines, nicolae_dithmenos_through_a_glass_darkly,
          uniq_robin, uniq_jessica
D:3:      cheibriados_altar_1, uniq_grinder
D:4:      minmay_temple_entry_enclosed_plants, hangedman_decor_opposing
D:5:      nicolae_overflow_hidden_temple, basic_altar
D:6:      sigmund_army
D:8:      david_lair_shrubbed, special_room, uniq_erica
D:9:      david_orc_4, serial_shops, shop
Temple:   dpeg_five_rooms_temple

Skill      XL: |  1  2  3  4  5  6  7  8  9 10 |
---------------+-------------------------------+-----
Stealth        | 1 2 3 4 5 6 7 |  7.4
Polearms       | 4 5 6 7 8 9 |  9.2
Fighting       | 4 5 6 7 8 |  8.0
Dodging        | 4 5 6 7 |  7.1
Armour         | 2 3 5 7 8 |  8.3
Hexes          | 2 7 8 |  8.0
Shields        | 4 6 |  6.4
Charms         | 7 |  7.3
Necromancy     | 3 |  3.1
Slings         | 1 |  1.9
Crossbows      | |  0.4
Spellcasting   | |  3.2

Action                   |  1- 3 |  4- 6 |  7- 9 | 10-12 || total
-------------------------+-------+-------+-------+-------++-------
Melee: Spear             |   144 |    78 |       |       ||   222
       Bite              |     4 |    11 |    32 |    21 ||    68
       Trident           |       |   113 |   397 |   238 ||   748
 Fire: Hunting sling     |       |    16 |    22 |       ||    38
Throw: Javelin           |       |       |       |     2 ||     2
 Cast: Infusion          |     8 |    18 |    30 |       ||    56
       Song of Slaying   |       |     1 |     3 |     3 ||     7
       Spectral Weapon   |       |       |     6 |    26 ||    32
Invok: Heroism           |       |       |     3 |     1 ||     4
  Use: Scroll            |     2 |     8 |     4 |     4 ||    18
       Potion            |       |       |     1 |       ||     1
 Stab: Sleeping          |       |     1 |     7 |     1 ||     9
       Distracted        |       |       |     1 |     3 ||     4
  Eat: Chunk             |     2 |     6 |    11 |     9 ||    28
       Fruit             |       |     2 |     5 |     2 ||     9
Armor: Leather armour    |    12 |       |       |       ||    12
       Ring mail         |    31 |    55 |   153 |    51 ||   290
Dodge: Dodged            |    80 |   116 |   185 |    89 ||   470
Block: Buckler           |       |       |    16 |    33 ||    49
